 Dungeon Crawl Stone Soup version 0.25-a0-547-g27a0b5d1ef (webtiles) character file.

Game seed: 9161156390330104209, levelgen mode: classic

5971 EnegeticOcto the Cleaver (level 10, -6/96 HPs)
             Began as a Deep Dwarf Fighter on Feb 22, 2020.
             Was an Elder of Makhleb.
             Mangled by Erolcha
             ... wielding a +0 giant club
              (8 damage)
             ... on level 9 of the Dungeon.
             The game lasted 00:06:05 (5860 turns).

EnegeticOcto the Cleaver (Deep Dwarf Fighter)       Turns: 5860, Time: 00:06:06

Health: -6/96      AC:  0    Str: 23    XL:     10   Next: 55%
Magic:  12/12      EV: 17    Int:  9    God:    Makhleb [****..]
Gold:   90         SH:  0    Dex: 12    Spells: 9/9 levels left

rFire    . . .     SeeInvis .   (weapon currently unavailable)
rCold    . . .     Gourm    .   (shield currently unavailable)
rNeg     . . .     Faith    .   (armour currently unavailable)
rPois    .         Spirit   .   (helmet currently unavailable)
rElec    .         Reflect  .   (cloak currently unavailable)
rCorr    .         Harm     .   (gloves currently unavailable)
MR       +....                  (boots currently unavailable)
Stlth    +.........             (no amulet)
HPRegen  0.00/turn              (ring currently unavailable)
MPRegen  0.13/turn              (ring currently unavailable)

@: pig-form (expiring), non-regenerating, very quick
A: small, damage resistance, heal wounds, sense surroundings 2, no regeneration
a: Heal Wounds, Minor Destruction, Lesser Servant of Makhleb, Major Destruction,
Renounce Religion


You were on level 9 of the Dungeon.
You worshipped Makhleb.
Makhleb was greatly pleased with you.
You were very hungry.
You were a filthy swine.
You visited 2 branches of the dungeon, and saw 10 of its levels.
You also visited: Sewer, Ossuary and Bailey.

You collected 132 gold pieces.
You spent 42 gold pieces at shops.

Inventory:

Hand Weapons
 a - a +1 war axe (melded)
Armour
 g - a +2 helmet (melded)
 j - a +2 cloak of poison resistance (melded)
 m - a +0 kite shield of protection (melded)
 z - a +0 pair of gloves (melded)
 B - a +0 plate armour (melded)
Jewellery
 f - an uncursed amulet of guardian spirit {unknown}
 s - a ring of positive energy (melded)
Wands
 w - a wand of polymorph (11)
 y - a wand of digging (9) {@v2}
Scrolls
 b - 2 scrolls of teleportation {@r2}
 h - a scroll of fog
 l - 5 scrolls of enchant weapon
 n - a scroll of immolation {@r4}
 o - 3 scrolls of fear
 p - a scroll of magic mapping {@r5}
 q - a scroll of blinking {@r3}
 x - 2 scrolls of enchant armour
Potions
 c - a potion of cancellation {unknown}
 i - 4 potions of lignification {@q7}
 k - 3 potions of might {@q3}
 r - 2 potions of magic
 t - 5 potions of curing {@q1}
 u - 5 potions of heal wounds {@q2}
 v - 2 potions of mutation {unknown}
Comestibles
 e - 9 rations


   Skills:
 * Level 7.7 Fighting
 * Level 9.0 Axes
 + Level 7.0 Armour
 + Level 5.9 Dodging
 + Level 7.0 Shields
 * Level 7.6 Invocations


You had 9 spell levels left.
You didn't know any spells.
Your spell library was empty.

Dungeon Overview and Level Annotations

Branches:
Dungeon (9/15)             Temple (1/1) D:5           Sewer (visited)
Ossuary (visited)          Bailey (visited)
   Lair: D:8-11         Orc: D:9-12

Altars:
Ashenzari
Dithmenos
Elyvilon
Fedhas
Gozag
Hepliaklqana
Kikubaaqudgha
Makhleb
Nemelex Xobeh
Okawaru
Qazlal
Ru
Sif Muna
Trog
Uskayaw
Vehumet
Wu Jian
Xom
Yredelemnul
Zin
The Shining One

Shops:
D:6 }   D:8 !

Annotations:
D:8 Maurice
D:9 Erolcha


Innate Abilities, Weirdness & Mutations

You are resistant to damage.
You can heal yourself by infusing magical energy.
You passively map the area around you.
You do not regenerate.


Message History

You slash the adder! You hit Erolcha. Erolcha casts a spell at you.
The bolt of cold hits you!! The adder bites you. You block the iguana's attack.
Erolcha zaps a wand.
You resist with almost no effort. The adder bites you but does no damage.
You miss the adder.
The adder is severely wounded.
You hit the iguana but do no damage. You barely miss Erolcha.
Erolcha gestures at you while chanting. You resist with almost no effort.
You block the iguana's attack. The adder bites you but does no damage.
Erolcha hits you but does no damage.
The iguana bites you but does no damage.
You slash the adder!
You kill the adder!
Makhleb accepts your kill.
You hit Erolcha but do no damage. You slash the iguana!
You kill the iguana!
Makhleb accepts your kill.
You feel better. Erolcha hits you but does no damage.
Your plate armour prevents you from hitting Erolcha.
Erolcha is lightly wounded.
You block Erolcha's attack.
The worker ant bites you but does no damage.
You hit Erolcha.
Erolcha is lightly wounded.
You hit the worker ant.
Erolcha zaps a wand.
You resist with almost no effort. You block the worker ant's attack.
Erolcha points at you and mumbles some strange words.
The crystal spear hits you but does no damage.
You slash the worker ant!
You kill the worker ant!
Makhleb accepts your kill.
You feel better.
You completely miss Erolcha. Erolcha hits you but does no damage.
You slash Erolcha!
Erolcha is moderately wounded.
Erolcha hits you but does no damage. You block Erolcha's attack.
You slash Erolcha!
Erolcha is heavily wounded.
Erolcha casts a spell at you. You resist with almost no effort.
You hit Erolcha.
Erolcha is heavily wounded.
Erolcha zaps a wand.
You resist with almost no effort. Erolcha completely misses you.
You hit Erolcha.
Erolcha is heavily wounded.
Erolcha roars.
Erolcha hits you but does no damage.
You hit Erolcha.
Erolcha is severely wounded.
Erolcha hits you but does no damage.
Erolcha screams, "Erolcha happy to kill you!"
Erolcha hits you with a +0 giant club.
You hit Erolcha but do no damage.
Erolcha is severely wounded.
Erolcha hits you but does no damage.
You hit Erolcha.
Erolcha is severely wounded.
Erolcha zaps a wand.
You turn into a filthy swine.
Your +1 war axe melds into your body.
Your +2 cloak of poison resistance melds into your body.
Your +2 helmet melds into your body.
Your +0 pair of gloves melds into your body.
Your +0 kite shield of protection melds into your body.
Your +0 plate armour melds into your body.
Your ring of positive energy melds into your body.
You no longer feel resistant to poison.
You feel less protected. Erolcha closely misses you.
You bite Erolcha!
Erolcha is almost dead.
You hit Erolcha.
Erolcha is almost dead.
Erolcha zaps a wand.
You resist with almost no effort. Erolcha casts a spell at you.
You resist with almost no effort.
You hit Erolcha but do no damage.
Erolcha is almost dead.
Erolcha casts a spell at you. The crystal spear hits you!!
You are feeling very hungry.
You hit Erolcha but do no damage.
Erolcha is almost dead.
Erolcha gestures at you while chanting. The bolt of cold hits you!!!
* * * LOW HITPOINT WARNING * * *
You are too injured to fight recklessly!
You are too injured to fight recklessly!
You are too injured to fight recklessly!
You are too injured to fight recklessly!
You are too injured to fight recklessly!
You are too injured to fight recklessly!
You are too injured to fight recklessly!
You feel much better. Erolcha hits you with a +0 giant club!!
* * * LOW HITPOINT WARNING * * *
You fail to use your ability.
Your transformation is almost over.
Erolcha hits you with a +0 giant club!
You die...

, * * , *** , , ,,,,,, * , ,
,, , , , , ,, , , , , ,,, ,
,, * *+###########+#######*
, , ..................., ,
,, ,......))..."....... , ,,
$.....Oh((.(....... , ,
....<.))........... , ,,, ,
................... ,, ,
,,,, .................(., ,,
, ..........[........, , ,
,,, ................... ,
##############'###........
** ,
#....#......#....#........
,#....#......#....#........*


You could see Erolcha.

Vanquished Creatures
  A two-headed ogre (D:8)
  Maggie (D:9)
  2 hippogriffs
  Grum (D:8)
  A hungry ghost (D:9)
  5 ice beasts
  3 orc warriors
  2 sky beasts (D:6)
  5 ogres
  2 wolves (D:8)
  3 centaurs
  An elf zombie (D:4)
  2 big kobolds
  An elf skeleton (D:4)
  6 bullfrogs
  8 scorpions
  6 killer bees
  A howler monkey (D:5)
  4 wights (D:9)
  A jelly (D:7)
  A bullfrog zombie (D:7)
  3 centaur zombies (Ossuary)
  4 hounds
  A human zombie (Ossuary)
  3 orc wizards
  4 orc priests
  Crazy Yiuf (D:3)
  A bullfrog skeleton (D:8)
  Jessica (D:3)
  5 iguanas
  5 worker ants
  A big kobold zombie (Ossuary)
  3 mummies (Ossuary)
  4 gnolls
  13 adders
  4 river rats (Sewer)
  5 scorpion zombies (Ossuary)
  An ooze (Sewer)
  2 worms
  3 leopard geckos
  24 orcs
  2 bats (D:3)
  5 giant cockroaches
  6 goblins
  A hobgoblin (D:3)
  5 jackals
  8 ball pythons (Sewer)
  3 frilled lizards (Sewer)
  3 gnoll zombies (Ossuary)
  7 kobolds
  A kobold zombie (Ossuary)
  A leopard gecko zombie (D:6)
  2 orc skeletons (D:4)
  4 orc zombies
  26 rats
219 creatures vanquished.

Notes
Turn   | Place    | Note
-------+----------+-------------------------------------------
     0 | D:1      | EnegeticOcto the Deep Dwarf Fighter began the quest for the
                  | Orb.
     0 | D:1      | Reached XP level 1. HP: 20/20 MP: 1/1
   170 | D:3      | Reached XP level 2. HP: 20/27 MP: 2/2
   190 | D:3      | Found a runed translucent door.
   191 | D:3      | Noticed Crazy Yiuf
   213 | D:3      | Reached skill level 1 in Dodging
   229 | D:3      | Reached XP level 3. HP: 29/34 MP: 3/3
   268 | D:3      | Killed Crazy Yiuf
   268 | D:3      | Reached skill level 3 in Axes
   387 | D:3      | Noticed Jessica
   410 | D:3      | Killed Jessica
   410 | D:3      | Reached XP level 4. HP: 26/42 MP: 4/4
   615 | D:4      | Reached XP level 5. HP: 49/49 MP: 5/5
   712 | D:4      | Reached skill level 4 in Axes
   712 | D:4      | Reached XP level 6. HP: 45/57 MP: 6/6
   715 | D:4      | Found a sand-covered staircase.
   720 | Ossuary  | Entered an ossuary
   811 | Ossuary  | Reached XP level 7. HP: 34/66 MP: 7/7
   829 | Ossuary  | Reached skill level 5 in Axes
   978 | Ossuary  | Reached skill level 5 in Fighting
  1243 | D:4      | Reached skill level 5 in Shields
  1336 | D:4      | Reached skill level 5 in Armour
  1700 | D:4      | Reached XP level 8. HP: 54/74 MP: 7/7
  2060 | D:5      | Entered Level 5 of the Dungeon
  2069 | D:5      | Reached skill level 6 in Axes
  2102 | D:5      | Found a staircase to the Ecumenical Temple.
  2112 | Temple   | Entered the Ecumenical Temple
  2186 | Temple   | Became a worshipper of Makhleb the Destroyer
  2211 | D:5      | Reached skill level 1 in Invocations
  2391 | D:5      | Found a glowing drain.
  2399 | Sewer    | Entered a sewer
  2475 | Sewer    | Reached * piety under Makhleb
  3165 | D:6      | Reached ** piety under Makhleb
  3165 | D:6      | Reached skill level 7 in Axes
  3165 | D:6      | Gained mutation: You passively map the area around you.
                  | [Deep Dwarf growth]
  3165 | D:6      | Reached XP level 9. HP: 70/82 MP: 9/9
  3211 | D:6      | Found Deuhim's Gadget Shoppe.
  3424 | D:6      | Found a stormy altar of Qazlal.
  3687 | D:6      | Found a radiant altar of Vehumet.
  4170 | D:7      | Found a basalt altar of Yredelemnul.
  4301 | D:7      | Reached skill level 5 in Invocations
  4311 | D:7      | Found a blossoming altar of Fedhas.
  4594 | D:8      | Found a sparkling altar of Nemelex Xobeh.
  4609 | D:8      | Noticed Maurice
  4611 | D:8      | Noticed a two-headed ogre
  4621 | D:8      | Reached skill level 5 in Dodging
  4631 | D:8      | Killed a two-headed ogre
  4631 | D:8      | Reached skill level 8 in Axes
  4713 | D:8      | Found a flagged portal.
  4732 | Bailey   | Entered a bailey
  4763 | Bailey   | Reached XP level 10. HP: 72/94 MP: 12/12
  4768 | Bailey   | Reached *** piety under Makhleb
  4804 | Bailey   | Noticed an orc knight
  4878 | Bailey   | Got blackened fire dragon scales
  4889 | Bailey   | Identified the +0 fire dragon scales of Hadjma {*Corrode
                  | rPois rF++ rC- Int+7} (You found it in a bailey)
  5122 | D:8      | Noticed Grum
  5142 | D:8      | Killed Grum
  5328 | D:8      | Found an iron altar of Okawaru.
  5328 | D:8      | Found a sacrificial altar of Ru.
  5387 | D:8      | Found Fiez's Distillery.
  5401 | D:8      | Bought a potion of curing for 42 gold pieces
  5538 | D:9      | Noticed Maggie
  5568 | D:9      | Killed Maggie
  5627 | D:9      | Found a stormy altar of Qazlal.
  5751 | D:9      | Reached **** piety under Makhleb
  5832 | D:9      | Noticed Erolcha
  5837 | D:9      | Reached skill level 9 in Axes
  5859 | D:9      | HP: 2/96 [Erolcha/+0 giant club (31)]
  5860 | D:9      | Mangled by Erolcha

Levels and vault maps discovered:
D:1:      dpeg_arrival_shrine, layout_basic
D:2:      layout_loops_corners, kennysheep_slug_shrine, serial_glass,
          glass_columns_a, glass_columns_a
D:3:      layout_rooms, first_ration, uniq_crazy_yiuf_cottage, uniq_grinder,
          uniq_ijyb, uniq_jessica
D:4:      layout_basic, nicolae_ossuary_entry_catacombs, grunt_ministairs_9
D:5:      layout_basic, minmay_temple_entry_crystal_x, gup_sewer_entry_bubbles,
          hangedman_abyss_or_decor_stagger
D:6:      layout_gridville, nicolae_overflow_hidden_temple, serial_shops,
          nicolae_shop_crystal, grunt_qazlal_clouds
D:7:      layout_basic, kennysheep_mini_moat, overflow_temple_1_default
D:8:      layout_rooms, lemuel_doored_altar,
          chequers_temple_overflow_statue_of_worship, enter_bailey_7,
          serial_shops, shop, uniq_grum, uniq_maurice
D:9:      layout_gridville, lemuel_coloured_pillars_altar, uniq_maggie,
          uniq_erolcha
Temple:   eino_temple_water

Skill      XL: |  1  2  3  4  5  6  7  8  9 10 |
---------------+-------------------------------+-----
Fighting       | 3 4 5 6 7 |  7.7
Dodging        | 1 2 3 4 5 |  5.9
Axes           | 3 4 5 7 8 9 |  9.0
Armour         | 4 5 6 7 |  7.0
Shields        | 4 5 6 7 |  7.0
Invocations    | 3 6 7 |  7.6

Action                   |  1- 3 |  4- 6 |  7- 9 | 10-12 || total
-------------------------+-------+-------+-------+-------++-------
Melee: War axe           |    43 |   115 |   496 |   219 ||   873
       Unarmed           |    15 |       |    15 |     4 ||    34
 Abil: Heal Wounds       |     2 |     1 |    11 |     6 ||    20
Evoke: Wand              |       |       |       |     5 ||     5
  Use: Scroll            |       |       |    23 |     1 ||    24
       Potion            |       |       |     1 |       ||     1
 Stab: Confused          |       |       |     1 |       ||     1
  Eat: Ration            |       |       |     2 |       ||     2
       Chunk             |       |       |     7 |     5 ||    12
Armor: Scale mail        |    19 |    51 |    37 |       ||   107
       Plate armour      |       |       |   339 |   141 ||   480
       Skin              |       |       |     7 |       ||     7
Dodge: Dodged            |    11 |    39 |   210 |    60 ||   320
Block: Kite shield       |    17 |    48 |   351 |   115 ||   531

Table legend:
 A = Non-vault XP
 B = Vault XP
 C = Vault XP percentage of total XP
 D = Non-vault monster count
 E = Vault monster count
 F = Vault count percentage of total count
                 A         B        C        D         E       F
            +---------+---------+-------+---------+---------+-------
      Total |    5861 |    2670 |  31.3 |     110 |     109 |  49.8
            +---------+---------+-------+---------+---------+-------
        D:1 |       1 |       0 |   0.0 |       1 |       0 |   0.0
        D:3 |      59 |      76 |  56.3 |      12 |       2 |  14.3
        D:4 |     325 |     274 |  45.7 |      11 |       8 |  42.1
        D:5 |     542 |      12 |   2.2 |       9 |       5 |  35.7
        D:6 |     864 |       0 |   0.0 |      16 |       0 |   0.0
        D:7 |     491 |       0 |   0.0 |      13 |       0 |   0.0
        D:8 |    2117 |     463 |  17.9 |      21 |       7 |  25.0
        D:9 |    1399 |     370 |  20.9 |      26 |       1 |   3.7
     Temple |      63 |       0 |   0.0 |       1 |       0 |   0.0
      Sewer |       0 |     371 | 100.0 |       0 |      48 | 100.0
    Ossuary |       0 |     808 | 100.0 |       0 |      26 | 100.0
     Bailey |       0 |     296 | 100.0 |       0 |      12 | 100.0
            +---------+---------+-------+---------+---------+-------
